QQQQQ, chaotic female human Rogue --------- --------- -.--- -------- #........+ |.......| |...+ |......| ###|.>.....| |.......| |$.@| +......| # |.......| ........| |.'.. |......| # #-.......-# ----|---- |%..| |......| # ###---------# ## -+-|- |..<....########### # # # #### |......| ### # ### # # -----.-- # # # ### ### ### # # # # # ------.- ## # ### ### |......| -.------|- # # |......| |........+ -----.--- ##` ###|......| |........| |.......| # #.......| |........-# |.......| ### -------- ----------########........| # |.......-##### --------- QQQQQ the Cutpurse Experience level: 3 Strength: 13 Dexterity: 18 Constitution: 12 Intelligence: 10 Wisdom: 14 Charisma: 9 Health: 0(22) Energy: 18(18) Def: 5 Gold: 67 Moves: 1825 Dungeon seed: HIO8mssCISw8Ijae Game ID: QQQQQ_1518479026 Your Inventory: Coins $ - 67 gold pieces Amulets j - a blessed amulet versus poison (being worn) Weapons a - an uncursed +0 short sword (weapon in hand) b - 12 uncursed +0 daggers (in quiver) Armor d - an uncursed +1 leather armor (being worn) n - a blessed +1 orcish helm (being worn) r - a cursed -1 pair of fumble boots (being worn) Potions c - an uncursed potion of sickness Wands o - an uncursed wand of striking (0:6) s - an uncursed wand of undead turning (0:4) Tools e - an uncursed lock pick f - an uncursed sack g - an uncursed oil lamp (0:1378) q - a blessed crystal ball (0:0) t - an uncursed expensive camera (0:41) Contents of the sack: 536 gold pieces an uncursed spellbook of magic mapping Spells and supernatural/magical abilities: Name Level Category Fail Memory W - pray for help -- divine ? -- Your skills at the end: Fighting Skills wands [Basic] Weapon Skills dagger [Basic] short sword [Basic] Spellcasting Skills Final Attributes: You were immune to poison. You fumbled. You were stealthy. You were lucky. You last prayed 559 turns ago. You are dead. Vanquished creatures: 3 giant bats a hobbit 2 green molds 8 jackals a goblin 3 grid bugs 3 lichens 9 newts 30 creatures vanquished. Voluntary challenges: You used a wielded weapon 47 times, starting on turn 38. You read items or engraved 5 times, starting on turn 273. You never genocided any monsters. You never polymorphed an object. You never changed form. You used no wishes. You never split a pudding. You wrote Elbereth's name 2 times, starting on turn 983. You never violated your personal moral code. Dungeon overview: The Dungeons of Doom: levels 1 to 5 Level 1 a fountain, a vault a long staircase Level 2 a scroll shop, a fountain Level 3 an altar to Mog, a sink a long staircase Level 4 some fountains, a sink Level 5 <- You were here History has recorded: On T:1 you entered the Dungeons of Doom to retrieve the Amulet of Yendor! On T:396 you advanced to experience level 2. On T:501 you reached level 2 of The Dungeons of Doom. On T:953 you reached level 3 of The Dungeons of Doom. On T:1154 you advanced to experience level 3. On T:1310 you reached level 4 of The Dungeons of Doom. On T:1558 you reached level 5 of The Dungeons of Doom. Score breakdown: Gold: 603 ( 9460 points) Experience: 3 levels ( 7878 points) Exploration: 5 levels ( 10.42%) ( 8751 points) Discoveries: 5 items ( 1.66%) ( 3866 points) Valuables value: (no points given unless you survive) Artifact value: 0 ( 0 points) Variety of kills: 8 monsters ( 2.11%) ( 4352 points) Turncount: 1825 turns ( 0 points) Survival: died (score multiplied by 80%) Total score: 27445 Latest messages: You make a lot of noise! [2 turns] This door is locked. The door opens. You slip and nearly fall. You make a lot of noise! You stop running. [2 turns] You stumble. You make a lot of noise! [2 turns] This door is locked. You succeed in picking the lock. The door opens. The straw golem misses. The straw golem hits! You kill the green mold! The straw golem hits! (6x) You hit the straw golem! The straw golem hits! (2x) You hit the straw golem. The straw golem hits! (2x) You hit the straw golem. The straw golem hits! (2x) You die... For some reason, you think that you can almost hear the Wizard laugh manically... Final status: Goodbye QQQQQ the Rogue, killed by a straw golem... You died in The Dungeons of Doom on dungeon level 5 with 27445 points, and 603 pieces of gold, after 1825 moves. You were level 3 with a maximum of 22 hit points when you died.